Map: King Sejong Station LE

Players

Impravido

  • Race: Zerg Zerg
  • League: Master
  • Spawn Location: 5:00

Deadzerg - Winner!

  • Race: Protoss Protoss
  • League: Grandmaster
  • Spawn Location: 11:00

VOD

Have the link to the VOD?

Description

Time

  • Played on: Oct. 30, 2016, 7:01 p.m.
  • Length: 7:13
Show
View Real Time Build Order
Export as new Build Order

Impravido Zerg 

Build Orders: Hatch First 

Get SALT Encoding   

  12  0:01  Drone  
  13  0:13  Overlord  
  13  0:20  Drone  
  14  0:32  Drone x2  
  17  0:35  Drone  
  17  0:53  Hatchery  
  17  0:56  Drone  
  17  0:59  Drone  
  17  1:02  Extractor  
  17  1:15  Spawning Pool  
  16  1:19  Drone  
  16  1:23  Drone  
  18  1:30  Drone  
  19  1:42  Overlord  
  19  1:51  Drone  
  20  2:02  Queen  
  20  2:03  Zergling x2  
  20  2:04  Queen  
  20  2:05  Zergling x2  
  26  2:10  Metabolic Boost  
  26  2:14  Drone  
  27  2:20  Drone  
  28  2:23  Drone  
  28  2:26  Drone  
  30  2:44  Hatchery  
  30  2:46  Drone  
  30  2:47  Drone  
  30  2:51  Overlord  
  31  2:56  Pneumatized Carapace  
  31  3:00  Drone  
  31  3:02  Drone  
  33  3:08  Queen  
  33  3:10  Drone  
  36  3:14  Drone  
  36  3:16  Drone  
  36  3:19  Overlord  
  38  3:25  Drone x2  
  41  3:27  Drone  
  41  3:29  Drone  
  41  3:31  Drone  
  41  3:33  Drone  
  44  3:53  Roach Warren  
  44  3:55  Drone x3  
  46  3:56  Extractor, Drone  
  46  3:57  Queen  
  46  4:00  Drone  
  46  4:01  Drone x2  
  51  4:03  Queen  
  51  4:07  Queen  
  55  4:12  Overlord  
  55  4:16  Spore Crawler  
  54  4:17  Spore Crawler  
  53  4:24  Spore Crawler  
  52  4:35  Roach x6  
  52  4:37  Roach  
  66  4:48  Overlord  
  66  5:03  Overlord x2  
  66  5:09  Baneling Nest, Drone  
  66  5:10  Drone x2  
  66  5:11  Drone  
  66  5:12  Drone x5  
  74  5:14  Overlord x3  
  74  5:22  Overlord  
  74  5:27  Zergling x8  
  74  5:28  Overlord  
  78  5:30  Ravager x3  
  78  5:32  Ravager  
  78  5:34  Ravager  
  83  5:36  Zergling x4  
  83  5:37  Zergling x2  
  83  5:38  Zergling x2  
  83  5:41  Zergling x4  
  88  5:45  Zergling x2  
  88  5:48  Zergling x4  
  88  5:49  Zergling x4  
  89  5:50  Zergling x2  
  89  5:51  Zergling x2  
  89  5:54  Zergling x2  
  89  5:55  Zergling x2  
  89  5:56  Ravager  
  91  5:58  Baneling  
  91  5:59  Baneling  
  91  6:04  Zergling x4, Baneling  
  93  6:05  Zergling x2  
  93  6:09  Zergling x6  
  93  6:10  Baneling  
  97  6:11  Baneling  
  97  6:12  Zergling x2, Overlord  
  97  6:15  Zergling x2  
  97  6:17  Baneling  
  99  6:18  Zergling x2  
  99  6:19  Zergling x4  
  99  6:22  Zergling x2  
  99  6:25  Zergling x2, Queen  
  106  6:31  Baneling x3  
  106  6:33  Zergling x4  
  106  6:35  Zergling x2  
  106  6:37  Zergling x2  
  110  6:40  Zergling x2  
  108  6:50  Zergling x2  
  108  6:51  Baneling x3  
  108  6:52  Zergling x6, Baneling  
  108  6:53  Zergling x2  
Show
View Real Time Build Order
Export as new Build Order

Deadzerg Protoss - Winner!

Build Orders: Nexus First, Zealot Archon, Dark Templar Rush 

Get SALT Encoding   

  12  0:00  Probe (Chrono Boost)  
  13  0:11  Probe (Chrono Boost)  
  14  0:18  Pylon  
  14  0:22  Probe (Chrono Boost)  
  15  0:37  Probe (Chrono Boost)  
  16  0:47  Probe (Chrono Boost)  
  17  0:57  Nexus  
  17  1:01  Probe (Chrono Boost)  
  18  1:11  Gateway  
  18  1:14  Probe (Chrono Boost)  
  19  1:19  Assimilator  
  19  1:24  Probe (Chrono Boost)  
  20  1:26  Assimilator  
  20  1:35  Probe (Chrono Boost)  
  20  1:36  Pylon  
  21  1:46  Probe (Chrono Boost)  
  22  1:56  Probe (Chrono Boost)  
  22  1:57  Cybernetics Core  
  23  2:07  Probe (Chrono Boost)  
  24  2:09  Probe (Chrono Boost)  
  25  2:17  Probe (Chrono Boost), Zealot  
  25  2:20  Probe (Chrono Boost)  
  29  2:28  Probe (Chrono Boost)  
  30  2:30  Probe (Chrono Boost)  
  30  2:34  Warp Gate  
  30  2:35  Twilight Council  
  31  2:39  Probe (Chrono Boost)  
  31  2:41  Probe (Chrono Boost)  
  33  2:47  Robotics Facility  
  33  2:50  Probe (Chrono Boost)  
  34  2:51  Probe (Chrono Boost)  
  35  3:00  Probe (Chrono Boost)  
  35  3:02  Probe (Chrono Boost)  
  35  3:05  Pylon  
  37  3:11  Probe (Chrono Boost), Dark Shrine  
  39  3:13  Probe (Chrono Boost)  
  39  3:21  Probe (Chrono Boost)  
  39  3:23  Probe (Chrono Boost)  
  41  3:30  Gateway x2  
  41  3:32  Gateway  
  41  3:37  Warp Prism (Chrono Boost)  
  43  3:45  Probe, Assimilator x2  
  43  3:47  Probe  
  45  3:53  Pylon  
  45  3:55  Probe  
  45  3:58  Pylon  
  45  3:59  Probe  
  47  4:06  Probe  
  52  4:10  Immortal (Chrono Boost)  
  52  4:24  Pylon  
  52  4:35  Dark Templar x3  
  52  4:36  Dark Templar  
  62  4:39  Archon  
  62  4:40  Archon  
  62  4:45  Immortal (Chrono Boost)  
  64  4:55  Gateway  
  64  4:56  Gateway  
  64  4:57  Gateway  
  64  5:00  Gateway  
  64  5:01  Pylon  
  64  5:06  Charge (Chrono Boost)  
  64  5:15  Immortal  
  64  5:19  Pylon  
  68  5:22  Pylon  
  68  5:27  Sentry x2  
  72  5:31  Zealot  
  72  5:32  Zealot  
  76  5:55  Zealot x4  
  84  5:57  Observer  
  85  6:10  Dark Templar  
  85  6:11  Zealot x2, Dark Templar  
  89  6:15  Pylon  
  89  6:16  Pylon, Archon  
  89  6:17  Pylon  
  93  6:20  Pylon  
  93  6:23  Dark Templar x2  
  97  6:27  Archon  
  97  6:29  Zealot x2  
  101  6:35  Zealot x2  
  105  6:48  Zealot x2  
  89  7:02  Zealot x5  
  89  7:03  Zealot  
Tags
 
Add a new tag
Caveats
  • Supply blocks, unpowered buildings, or Contaminate may cause inaccurate times.
  • Supply counts are checked every 10 seconds.